 Dungeon Crawl Stone Soup version 0.28-a0-1624-g820543e53a (webtiles) character file.

Game seed: 2312853152709237224

5 HallandMoats the Skirmisher (level 1, 19/19 HPs)
             Began as a Ghoul Fighter on Jan 24, 2022.
             Was a Follower of Nemelex Xobeh.
             Safely got out of the dungeon.
             The game lasted 00:00:27 (236 turns).

HallandMoats the Skirmisher (Ghoul Fighter)          Turns: 236, Time: 00:00:27

Health: 19/19      AC:  6    Str: 19    XL:     1   Next: 80%
Magic:  0/0        EV:  9    Int:  3    God:    Nemelex Xobeh [*.....]
Gold:   34         SH:  4    Dex:  8    Spells: 0/0 levels left

rFire   . . .      SeeInvis .   a - +0 trident
rCold   + . .      Faith    .   c - +0 buckler
rNeg    + + +      Spirit   .   b - +0 scale mail
rPois   ∞          Reflect  .   (no helmet)
rElec   .          Harm     .   (no cloak)
rCorr   .          Rampage  .   (no gloves)
Will    .....                   (no boots)
Stlth   ..........              (no amulet)
HPRegen 0.06/turn               (no ring)
MPRegen 0.07/turn               (no ring)

@: no status effects
A: claws 1, cold resistance 1, negative energy resistance 3, inhibited
regeneration, torment resistance 2
a: Renounce Religion, Draw Escape, Draw Destruction, Draw Summoning


You escaped.
You worshipped Nemelex Xobeh.
Nemelex Xobeh was aware of your devotion.
You visited 1 branch of the dungeon, and saw 1 of its levels.

You collected 34 gold pieces.

Inventory:

Hand Weapons
 a - a +0 trident (weapon)
Armour
 b - a +0 scale mail (worn)
 c - a +0 buckler (worn)
Scrolls
 e - a scroll of teleportation {unknown}
Potions
 d - a potion of might


   Skills:
 * Level 3.4 Fighting
 * Level 1.9 Polearms
 + Level 2.7 Armour
 + Level 0.2 Dodging
 + Level 2.7 Shields


You couldn't memorise any spells.
You didn't know any spells.
Your spell library was empty.

Dungeon Overview and Level Annotations

Branches:
Dungeon (1/15)

Altars:
Nemelex Xobeh


Innate Abilities, Weirdness & Mutations

You thrive by killing the living.
You are immune to poison.
You have sharp fingernails.
Your flesh is cold resistant. (rC+)
You are immune to negative energy. (rN+++)
You do not regenerate when monsters are visible.
You are immune to unholy pain and torment.


Message History

You hit the plant but do no damage.
The plant is lightly damaged.
You puncture the plant!
The plant is lightly damaged.
You puncture the plant!
The plant is lightly damaged.
A nearby plant withers and dies.
You puncture the withered plant!
The withered plant begins to crumble.
The withered plant is lightly damaged.
You hit the withered plant.
The withered plant is lightly damaged.
You puncture the withered plant!
The withered plant is lightly damaged.
You puncture the withered plant!
The withered plant is lightly damaged.
You hit the withered plant.
The withered plant is moderately damaged.
The withered plant crumbles away.
There is a faded altar of an unknown god here.
There is a faded altar of an unknown god here.
You cannot tell which god this altar belongs to.
Convert to them anyway?
Nemelex Xobeh accepts your prayer! Nemelex Xobeh welcomes you!
You can now draw from decks of power.
Nemelex will now gift you decks of power as you gain piety.
Nemelex Xobeh deals you some cards!
You now have 1 escape card, 6 destruction cards and 1 summoning card.
(D) Dungeon
Where to? (? - help)
What level of the Dungeon? (default 1, ? - help)
You see here a +0 robe.
You open the door.
There is an open door here.
You see here a +0 short sword.
There is a large open door here.
There is a large open door here.
There is a large open door here.
There is a staircase leading out of the dungeon here.
Are you sure you want to leave the Dungeon?
This will make you lose the game!
You have escaped!

##############.≈#
#.#.§≈.#≈≈≈≈≈#8≈#
#.#.≈≈.#≈...≈#.≈#
#.#.≈≈.#≈.#.≈#.≈#
#.#.≈≈.#≈.#.≈#8≈#
#.#.≈≈.#≈.#.≈#.≈##
#.'....'..#..'...#
#@'....'..#..'...#
#.#.≈≈.#≈.#.≈#.≈.)
#.#.≈≈.#≈.#.≈#8≈##
#.#.≈§.#≈.#.≈#.≈##
#.#.≈≈.#≈...≈#.≈##
#.#.≈≈.#≈≈≈≈≈#8≈##
##############.≈##
..≈## ≈≈≈##


There were no monsters in sight!

Vanquished Creatures
  A dart slug (D:1)
  2 kobolds (D:1)
  A rat (D:1)
4 creatures vanquished.

Vanquished Creatures (others)
  4 plants (D:1)
  2 withered plants (D:1)
6 creatures vanquished.

Grand Total: 10 creatures vanquished

Notes
Turn   | Place    | Note
-------+----------+-------------------------------------------
     0 | D:1      | HallandMoats the Ghoul Fighter began the quest for the Orb.
     0 | D:1      | Reached XP level 1. HP: 19/19 MP: 0/0
   121 | D:1      | Found a faded altar of an unknown god.
   177 | D:1      | Prayed at the altar of an unknown god.
   177 | D:1      | Became a worshipper of Nemelex Xobeh the Trickster
   177 | D:1      | Reached * piety under Nemelex Xobeh
   177 | D:1      | Received a gift from Nemelex Xobeh
   236 | D:$      | Safely got out of the dungeon.

Illustrated notes

Levels and vault maps discovered:
D:1:      lightli_arrival_isolated_outpost, layout_loops_ring,
          shapermc_ecumenical_altar_flowoftime

Action                   || total
-------------------------++-------
Melee: Trident           ||    32
Armor: Scale mail        ||     3
Dodge: Dodged            ||     1

Table legend: (Time is in decaauts)
 A = Elapsed time spent in this place.
 B = Non-inter-level travel time spent in this place.
 C = Inter-level travel time spent in this place.
 D = Time resting spent in this place.
 E = Time spent auto-exploring this place.
 F = Levels seen in this place.
 G = Mean time per level.
                   A        B        C        D        E       F      G
               +--------+--------+--------+--------+--------+-----+--------+
         Total |    244 |    187 |     57 |      0 |    114 |   1 |  244.0 |
       Dungeon |    244 |    187 |     57 |      0 |    114 |   1 |  244.0 |
               +--------+--------+--------+--------+--------+-----+--------+

Top non-repeatable levels by time:
     D:1: 244 daAuts
